 Dungeon Crawl Stone Soup version 0.31-a0-271-gb88eb75e06 (webtiles) character file.

Game seed: 12859860217960334912

1583 LeprechaunX the Changeling (level 8, -6/57 HPs)
             Began as an Octopode Shapeshifter on July 14, 2023.
             Was a Believer of Cheibriados.
             Mangled by a killer bee (7 damage)
             ... on level 6 of the Dungeon.
             The game lasted 00:14:21 (5678 turns).

LeprechaunX the Changeling (Octopode Shapeshifter)  Turns: 5678, Time: 00:14:22

Health: -6/57      AC:  1    Str: 19    XL:     8   Next: 92%
Magic:  8/8        EV: 13    Int: 14    God:    Cheibriados [**....]
Gold:   348        SH:  0    Dex: 18    Spells: 7/7 levels left

rFire   + .          .
                       - Unarmed
rCold   . . .        (no shield)
rNeg    . . .        (helmet currently unavailable)
rPois   +            p - amulet of the acrobat
rElec   .            t - ring of poison resistance
rCorr   .            w - ring of protection from fire
SInv    .            (no ring)
Will    .....        (no ring)
Stlth   +++          (no ring)
HPRegen 0.29/turn    (no ring)
MPRegen 0.11/turn    (no ring)
                     (no ring)

%: acrobat
@: lethally poisoned (-6 -> -10), beast-form, attractive, very slow
A: beast (slay +5), almost no armour, amphibious, 8 rings, camouflage 1,
gelatinous body 1, (nimble swimmer 1), tentacles
a: Begin Untransformation, Renounce Religion, Bend Time


You were on level 6 of the Dungeon.
You worshipped Cheibriados.
Cheibriados was pleased with you.
You were a hulking beast.
You visited 2 branches of the dungeon, and saw 7 of its levels.

You collected 348 gold pieces.

Inventory:

Hand Weapons
 a - a +0 orcbow
 o - a +4 dagger of draining
 B - a +5 falchion of freezing
Missiles
 f - 7 poisoned darts (quivered)
Jewellery
 p - an amulet of the acrobat (around mantle)
 t - a ring of poison resistance (left tentacle)
 w - a ring of protection from fire (right tentacle)
Talismans
 b - a beast talisman
Wands
 n - a wand of polymorph (14)
Scrolls
 c - 5 scrolls of identify {unknown}
 h - a scroll of revelation {unknown}
 j - 2 scrolls of enchant weapon {unknown}
 l - 3 scrolls of immolation {unknown}
 q - a scroll of enchant armour {unknown}
 s - 2 scrolls of teleportation {unknown}
 v - a scroll of fear {unknown}
 x - 2 scrolls of vulnerability {unknown}
 y - a scroll of noise {unknown}
 A - a scroll of fog {unknown}
Potions
 d - 4 potions of attraction
 e - 2 potions of brilliance {unknown}
 g - 4 potions of curing {unknown}
 i - 4 potions of heal wounds {unknown}
 k - 2 potions of mutation {unknown}
 m - a potion of might {unknown}
 r - 2 potions of ambrosia {unknown}
 u - a potion of invisibility {unknown}
 z - a potion of cancellation {unknown}


   Skills:
 + Level 5.7 Fighting
 - Level 2.0 Dodging
 + Level 5.7 Unarmed Combat
 * Level 7.1 Shapeshifting


You had 7 spell levels left.
You didn't know any spells.
Your spell library contained the following spells:

 Spells                   Type           Power      Damage    Failure   Level
 Dazzling Flash           Conj/Hex       0%         N/A       65%         3
 Volatile Blastmotes      Fire/Tloc      0%         2d10      65%         3
 Passage of Golubria      Tloc           0%         N/A       96%         4
 Silence                  Hex/Air        0%         N/A       100%        5
 Starburst                Conj/Fire      0%         6d3       100%        6
 Lehudib's Crystal Spear  Conj/Erth      0%         10d2      100%        8
 Maxwell's Capacitive Co  Air            0%         ∞         100%        8


Dungeon Overview and Level Annotations

Branches:
Dungeon (6/15)             Temple (1/1) D:4

Altars:
Cheibriados
Dithmenos
Elyvilon
Gozag
Hepliaklqana
Makhleb
Nemelex Xobeh
Okawaru
Qazlal
Sif Muna
Vehumet
Zin

Shops:
D:2 *   D:4 :=(=(*


Innate Abilities, Weirdness & Mutations

You are a hulking beast.
Your limbs bulge with bestial killing power. (Slay +5)
You cannot wear most types of armour.
You are amphibious.
You can wear up to eight rings at the same time.
Your skin changes colour to match your surroundings (Stealth+).
Your rubbery body absorbs attacks. (AC +1, EV +1)
((You are camouflaged when in or above water. (Stealth+)))
You have tentacles for arms and can constrict up to eight enemies at once.


Message History

Your squeeze misses the killer bee. You constrict the killer bee.
You feel sick.
The killer bee stings you but does no damage. x2
The killer bee misses you.
Unknown command.
You tentacle-slap the killer bee.
You kill the killer bee!
Cheibriados thoroughly appreciates the change of pace.
You constrict the killer bee.
You feel sick.
The killer bee struggles to escape constriction.
The killer bee stings you!
* * * LOW HITPOINT WARNING * * *
The killer bee escapes!
The killer bee stings you.
* * * LOW HITPOINT WARNING * * *
It was a potion of attraction.
You feel attractive to monsters.
You feel sick. The killer bee closely misses you.
The killer bee stings you but does no damage.
The killer bee stings you!
* * * LOW HITPOINT WARNING * * *
The killer bee stings you.
* * * LOW HITPOINT WARNING * * *
The killer bee misses you. The killer bee barely misses you.
You bludgeon the killer bee! Your grab misses the killer bee.
Your squeeze misses the killer bee.
The killer bee is almost dead.
* * * LOW HITPOINT WARNING * * *
You feel sick. The killer bee misses you. The killer bee barely misses you. x3
The killer bee closely misses you. x2
Unknown command.
You closely miss the killer bee. You grab the killer bee.
You squeeze the killer bee.
The killer bee is almost dead.
You constrict the killer bee.
You kill the killer bee!
Cheibriados thoroughly appreciates the change of pace.
The killer bee barely misses you. The killer bee stings you.
* * * LOW HITPOINT WARNING * * *
The killer bee stings you!
You die...

###.....#.##..#####.#..#
##.........# #. ###...
##.......#...## ##..
#......###.... ##.
##..#...## ..# #..
##.##...###.## #...
####....!...# .....#
##.yy†..## ..####
#..#h#.....# .
#...###.##...# # #..##
y# ... # #..# y# .. #
#.. y# # ### ##


You could see 2 killer bees.

Vanquished Creatures
  Duvessa (D:5)
  An ice beast (D:5)
  A phantom (D:5)
  6 scorpions
  3 wights (D:6)
  Dowan (D:5)
  3 killer bees (D:6)
  Crazy Yiuf (D:3)
  2 jellies
  A sleepcap (D:6)
  Ijyb (D:3)
  Natasha (thrice) (D:3)
  7 iguanas
  Robin (D:3)
  4 gnolls (D:5)
  8 adders
  A shadow imp (D:5)
  A worm (D:2)
  6 dart slugs
  22 orcs
  10 ball pythons
  8 endoplasms
  A giant cockroach (D:2)
  12 goblins
  7 hobgoblins
  6 jackals
  A quokka (D:1)
  4 bats
  4 frilled lizards (D:1)
  5 kobolds
  8 rats
140 creatures vanquished.

Vanquished Creatures (others)
  A bat (D:3)
1 creature vanquished.

Grand Total: 141 creatures vanquished

Notes
Turn   | Place    | Note
-------+----------+-------------------------------------------
     0 | D:1      | LeprechaunX the Octopode Shapeshifter began the quest for
                  | the Orb.
     0 | D:1      | Reached XP level 1. HP: 14/14 MP: 1/1
    73 | D:1      | Reached XP level 2. HP: 19/19 MP: 2/2
    81 | D:1      | Found a faded altar of an unknown god.
   619 | D:2      | Reached XP level 3. HP: 24/25 MP: 3/3
  1025 | D:2      | Found Otwimoik's Assorted Antiques.
  1202 | D:3      | Noticed Natasha
  1208 | D:3      | Killed Natasha
  1209 | D:3      | Reached XP level 4. HP: 25/30 MP: 4/4
  1320 | D:3      | Noticed Ijyb
  1361 | D:3      | Killed Ijyb
  1362 | D:3      | Reached skill level 4 in Shapeshifting
  1445 | D:3      | Noticed Natasha
  1448 | D:3      | Killed Natasha
  1449 | D:3      | Reached XP level 5. HP: 35/36 MP: 5/5
  1890 | D:3      | Found a runed translucent door.
  1891 | D:3      | Noticed Crazy Yiuf
  2218 | D:3      | Found a sparkling altar of Nemelex Xobeh.
  2218 | D:3      | Found a stormy altar of Qazlal.
  2259 | D:3      | Noticed Natasha
  2263 | D:3      | Killed Natasha
  2289 | D:3      | Noticed Robin
  2311 | D:3      | Killed Robin
  2506 | D:4      | Found a staircase to the Ecumenical Temple.
  2511 | D:4      | Reached XP level 6. HP: 38/42 MP: 6/6
  2539 | Temple   | Entered the Ecumenical Temple
  2588 | Temple   | Became a worshipper of Cheibriados the Contemplative
  2788 | D:4      | Found Aeikhljeuha's Alliterative Accessories.
  2870 | D:4      | Reached skill level 5 in Shapeshifting
  2957 | D:4      | Reached XP level 7. HP: 48/48 MP: 7/7
  2979 | D:4      | Found Ajett's Antique Weapon Shop.
  2979 | D:4      | Found Zakaypt's Weapon Shoppe.
  2983 | D:4      | Found Zaymare's Jewellery Shop.
  2983 | D:4      | Found Nuph's Jewellery Shoppe.
  3125 | D:4      | Reached * piety under Cheibriados
  3160 | D:4      | Found Xugoyr's Book Boutique.
  3428 | D:4      | Found a shadowy altar of Dithmenos.
  3543 | D:3      | Killed Crazy Yiuf
  3690 | D:5      | Entered Level 5 of the Dungeon
  4324 | D:5      | Noticed Duvessa
  4325 | D:5      | Noticed Dowan
  4338 | D:5      | Killed Duvessa
  4339 | D:5      | Reached skill level 6 in Shapeshifting
  4339 | D:5      | Reached XP level 8. HP: 19/54 MP: 8/8
  4339 | D:5      | HP: 2/54 [Dowan/stone arrow (17)]
  4340 | D:5      | Killed Dowan
  4865 | D:5      | Reached ** piety under Cheibriados
  4866 | D:5      | Reached skill level 5 in Fighting
  4866 | D:5      | Reached skill level 5 in Unarmed Combat
  5563 | D:6      | Identified the +3 war axe of Lerph {holy, Will+}
  5646 | D:6      | Reached skill level 7 in Shapeshifting
  5676 | D:6      | HP: 2/57 [killer bee (2)]
  5678 | D:6      | Mangled by a killer bee

Illustrated notes

Levels and vault maps discovered:
D:1:      amcnicky_arrival_double_pillar, layout_basic,
          shapermc_ecumenical_altar_mp_ritualfount
D:2:      layout_basic, serial_shops, nicolae_shop_peninsula
D:3:      layout_basic, gammafunk_temple_overflow_pools, uniq_ijyb,
          uniq_natasha, uniq_crazy_yiuf_cottage, uniq_robin
D:4:      layout_loops_ring, lemuel_round_altar, minmay_temple_entry_junction,
          nicolae_take_the_stairs, nicolae_alphabet_shops, minivault_27,
          nicolae_wooded_promenade
D:5:      layout_layer_cave, uniq_duvessa
D:6:      layout_cave_pools
Temple:   bh_familiar_temple

Skill      XL: |  1  2  3  4  5  6  7  8 |
---------------+-------------------------+-----
Shapeshifting  | 4 5 6 7 |  7.1
Fighting       | 3 4 5 |  5.7
Unarmed Combat | 3 4 5 |  5.7
Dodging        | |  2.0

Action                     |  1- 3 |  4- 6 |  7- 9 || total
---------------------------+-------+-------+-------++-------
  Melee: Unarmed           |    68 |    13 |    45 ||   126
         Constrict         |    19 |    27 |    32 ||    78
         Tentacles         |    19 |    15 |    28 ||    62
         Dagger            |       |    78 |    81 ||   159
         Punch             |       |     3 |     7 ||    10
         Falchion          |       |       |    10 ||    10
  Throw: Dart              |       |       |    10 ||    10
  Evoke: Wand              |       |       |     1 ||     1
    Use: Potion            |       |       |     2 ||     2
   Stab: Sleeping          |     7 |     5 |     3 ||    15
 Armour: Skin              |     4 |     2 |    36 ||    42
  Dodge: Dodged            |    23 |    56 |    86 ||   165

Table legend: (Time is in decaauts)
 A = Elapsed time spent in this place.
 B = Non-inter-level travel time spent in this place.
 C = Inter-level travel time spent in this place.
 D = Time resting spent in this place.
 E = Time spent auto-exploring this place.
 F = Levels seen in this place.
 G = Mean time per level.
                   A        B        C        D        E       F      G
               +--------+--------+--------+--------+--------+-----+--------+
         Total |   6500 |   6204 |    296 |    535 |   4602 |   7 |  928.6 |
       Dungeon |   6414 |   6151 |    263 |    535 |   4559 |   6 | 1069.0 |
        Temple |     86 |     54 |     32 |      0 |     43 |   1 |   86.0 |
               +--------+--------+--------+--------+--------+-----+--------+

Top non-repeatable levels by time:
     D:5: 2026 daAuts
     D:3: 1307 daAuts
     D:4: 1263 daAuts
     D:2: 725 daAuts
     D:1: 583 daAuts
     D:6: 507 daAuts
  Temple: 86 daAuts
